 Dungeon Crawl Stone Soup version 0.31.0-11-ge490571c62 (webtiles) character file.

Game seed: 5505442929534395490

55 qw the Shooter (level 3, -2/18 HPs)
             Began as a Spriggan Hunter on Feb 4, 2024.
             Slain by a gnoll
             ... wielding a +1 flail of protection
              (10 damage)
             ... on level 2 of the Dungeon.
             The game lasted 00:00:03 (856 turns).

qw the Shooter (Spriggan Hunter)                     Turns: 856, Time: 00:00:04

Health: -2/18      AC:  2    Str:  7    XL:     3   Next: 67%
Magic:  4/4        EV: 19    Int: 10    God:
Gold:   101        SH:  0    Dex: 20    Spells: 2/2 levels left

rFire   . . .        a - +0 shortbow
rCold   . . .        (shield currently unavailable)
rNeg    . . .        c - +0 robe
rPois   .            (helmet restricted)
rElec   .            (no cloak)
rCorr   +            (gloves unavailable)
SInv    +            (boots unavailable)
Will    .....        (no amulet)
Stlth   ++           i - ring of resist corrosion
HPRegen 0.23/turn    (no ring)
MPRegen 0.09/turn

%: no passive effects
@: very quick
A: very small, no large weapons, unfitting armour, see invisible, speed 3
a: no special abilities


You were on level 2 of the Dungeon.
You visited 1 branch of the dungeon, and saw 2 of its levels.

You collected 101 gold pieces.


Innate Abilities, Weirdness & Mutations

You are very small and have problems with some larger weapons.
You are too small for most types of armour.
You have supernaturally acute eyesight. (SInv)
You cover ground extremely quickly. (Speed+++)


   Skills:
 - Level 1.5 Fighting
 + Level 4.9 Ranged Weapons
 - Level 4.0 Dodging
 - Level 1.5 Stealth


You had 2 spell levels left.
You didn't know any spells.
Your spell library was empty.

Inventory:

Hand Weapons
 a - a +0 shortbow (weapon)
Armour
 c - a +0 robe (worn)
Jewellery
 i - a ring of resist corrosion (left hand)
Scrolls
 d - 3 scrolls of teleportation
Potions
 b - a potion of degeneration {unknown}
 g - 2 potions of cancellation
 h - a potion of lignification {unknown}

Dungeon Overview and Level Annotations

Branches:
Dungeon (2/15)

Altars:


Message History

The gnoll is moderately wounded.
The gnoll hits you from afar with a +1 heavy halberd.
A goblin comes into view. It is wielding a +0 club.
You shoot an arrow. The goblin shouts!
The arrow hits the gnoll.
The gnoll is heavily wounded.
You shoot an arrow.
The arrow hits the gnoll but does no damage.
The gnoll is heavily wounded.
The gnoll barely misses you.
You shoot an arrow. The arrow hits the gnoll.
The gnoll is severely wounded.
The gnoll closely misses you.
You shoot an arrow. The arrow closely misses the gnoll. x2
The arrow hits the gnoll but does no damage.
The gnoll misses you.
You shoot an arrow. The arrow hits the gnoll.
The gnoll is almost dead.
You shoot an arrow. The arrow hits the gnoll.
You kill the gnoll!
The gnoll barely misses you.
You shoot an arrow.
The arrow hits the gnoll but does no damage.
The gnoll is almost dead.
The gnoll closely misses you.
You shoot an arrow. The arrow completely misses the gnoll.
The arrow hits the gnoll but does no damage.
The gnoll completely misses you.
You shoot an arrow. The arrow hits the gnoll.
You kill the gnoll!
852 ||| FLEEEEING.
853 ||| FLEEEEING.
You start resting.
A gnoll is nearby!
You shoot an arrow.
The arrow hits the gnoll but does no damage.
The gnoll hits you with a +1 flail of protection!
Ouch! That really hurt!
You die...

#.# #.# #.#
#..############.
#.#
#....gg....:....
#.#
#.######g...###
#.#
..>....@.##.#
##.###
.######..## .#
#.<#.. #....#
..##.# #.##.#
### .# #.# ..# #
##.# ##<# #...
###..#
##..####..#
....######
#........##
.##......#
#..#####...


You could see a gnoll.

Vanquished Creatures
  3 gnolls (D:2)
  A dart slug (D:2)
  2 endoplasms
  3 giant cockroaches (D:1)
  A goblin (D:1)
  A hobgoblin (D:1)
  3 kobolds (D:1)
  A quokka (D:1)
  2 ball pythons (D:1)
  3 bats (D:1)
  2 frilled lizards (D:1)
  A rat (D:1)
23 creatures vanquished.

Notes
Turn   | Place    | Note
-------+----------+-------------------------------------------
     0 | D:1      | qw the Spriggan Hunter began the quest for the Orb.
     0 | D:1      | Reached XP level 1. HP: 10/10 MP: 2/2
     0 | D:1      | 0 ||| qw: Version: 0.3-a-160-g6735b56
     0 | D:1      | 0 ||| qw: Game counter: 4632
     0 | D:1      | 0 ||| qw: Melee chars always use a shield: true
     0 | D:1      | 0 ||| qw: God list: Okawaru
     0 | D:1      | 0 ||| qw: Allow faded altars: false
     0 | D:1      | 0 ||| qw: Do Orc after clearing Dungeon:15 true
     0 | D:1      | 0 ||| qw: Do second Lair branch before Depths: true
     0 | D:1      | 0 ||| qw: Lair rune preference: random
     0 | D:1      | 0 ||| qw: Goals: Normal
     0 | D:1      | 0 ||| PLANNING D:1-11
   130 | D:1      | Reached skill level 3 in Dodging
   257 | D:1      | Reached XP level 2. HP: 12/14 MP: 3/3
   521 | D:1      | Found a faded altar of an unknown god.
   738 | D:1      | 738 ||| UPGRADING to ring of resist corrosion.
   739 | D:1      | 739 ||| READING 4 scrolls labelled GALOIGR CACW.
   742 | D:1      | 742 ||| READING scroll labelled QUENKU UTZUOZU.
   743 | D:1      | 743 ||| READING 2 scrolls labelled HONKE FEILL.
   744 | D:1      | 744 ||| DRINKING 3 fuming cyan potions.
   745 | D:1      | 745 ||| DROPPING scroll of butterflies.
   746 | D:1      | 746 ||| DROPPING scroll of fog.
   834 | D:2      | 834 ||| RETREEEEATING.
   841 | D:2      | Reached XP level 3. HP: 8/18 MP: 4/4
   852 | D:2      | 852 ||| FLEEEEING.
   853 | D:2      | 853 ||| FLEEEEING.
   856 | D:2      | Slain by a gnoll

Levels and vault maps discovered:
D:1:      matt_arrival_diagonals, layout_basic, ebering_ecumenical_altar_rust
D:2:      cheibrodos_pilgrimage, layout_rooms, uniq_sigmund

Skill      XL: |  1  2 |
---------------+-------+-----
Dodging        | 3 4 |  4.0
Fighting       | |  1.5
Ranged Weapons | |  4.9
Stealth        | |  1.5

Action                     || total
---------------------------++-------
   Fire: Shortbow          ||    59
    Use: Scroll            ||     3
         Potion            ||     1
 Armour: Robe              ||     7
  Dodge: Dodged            ||    24

Table legend:
 A = Non-vault XP
 B = Vault XP
 C = Vault XP percentage of total XP
 D = Non-vault monster count
 E = Vault monster count
 F = Vault count percentage of total count
                 A         B        C        D         E       F
            +---------+---------+-------+---------+---------+-------
      Total |      79 |       0 |   0.0 |      23 |       0 |   0.0
            +---------+---------+-------+---------+---------+-------
        D:1 |      28 |       0 |   0.0 |      18 |       0 |   0.0
        D:2 |      51 |       0 |   0.0 |       5 |       0 |   0.0
            +---------+---------+-------+---------+---------+-------
